SA
NIAGARA FALLS EXPOS @ CALDWELL CHIEFS
05/11/2038
 
TOP OF THE 1ST
Niagara Falls Expos batting - Pitching for Caldwell Chiefs : RHP Lloyd Stinson
Pitching: RHP Lloyd Stinson
Batting: RHB Ambrose Watkins 0-0: Called Strike
0-1: Swinging Strike
0-2: Ball
1-2: Ball
2-2: Strikes out looking
Batting: RHB Bernard Langeman 0-0: Ball
1-0: Ball
2-0: Called Strike
2-1: Ball
3-1: Base on Balls
Batting: SHB Takeshi Kovacs 0-0: Foul Ball, location: 2F
0-1: Fly out, F8 (Flyball, 8LXD, EV 106.9 MPH)
Batting: RHB Sincere Wushon David 0-0: Ball
Bernard Langeman is caught stealing 2nd base 2-4
Top of the 1st over - 0 runs, 0 hits, 0 errors, 0 left on base; Niagara Falls 0 - Caldwell 0
BOTTOM OF THE 1ST
Caldwell Chiefs batting - Pitching for Niagara Falls Expos : RHP Bruno Zoido
Pitching: RHP Bruno Zoido
Batting: RHB Junji Ito 0-0: Called Strike
0-1: Foul Ball, location: 2F
0-2: Ball
1-2: Strikes out swinging
Batting: RHB Ricardo Urby 0-0: Ball
1-0: Swinging Strike
1-1: Swinging Strike
1-2: Ball
2-2: Foul Ball, location: 2F
2-2: Foul Ball, location: 2F
2-2: Ball
3-2: Foul Ball, location: 2F
3-2: Foul Ball, location: 2F
3-2: SINGLE (Line Drive, 78M, EV 104.4 MPH)
Batting: LHB Rafael Urrutiz 0-0: Foul Ball, location: 2F
0-1: Swinging Strike
0-2: Foul Ball, location: 2F
0-2: Foul Ball, location: 2F
0-2: Ball
1-2: Foul Ball, location: 2F
1-2: Ball
2-2: Foul Ball, location: 2F
2-2: Strikes out swinging
Batting: RHB Dean Shamakani 0-0: Ball
Ricardo Urby is caught stealing 2nd base 2-4
Bottom of the 1st over - 0 runs, 1 hit, 0 errors, 0 left on base; Niagara Falls 0 - Caldwell 0
TOP OF THE 2ND
Niagara Falls Expos batting - Pitching for Caldwell Chiefs : RHP Lloyd Stinson
Batting: RHB Sincere Wushon David 0-0: Ground out 6-3 (Groundball, 6S, EV 80.6 MPH)
Batting: RHB Juan Mireles 0-0: Ball
1-0: Called Strike
1-1: Foul Ball, location: 2F
1-2: Ball
2-2: Fly out, F5 (Popup, 5SF, EV 75.0 MPH)
Batting: RHB Frank Tatum 0-0: Foul Ball, location: 2F
0-1: Called Strike
0-2: Ball
1-2: Strikes out looking
Top of the 2nd over - 0 runs, 0 hits, 0 errors, 0 left on base; Niagara Falls 0 - Caldwell 0
BOTTOM OF THE 2ND
Caldwell Chiefs batting - Pitching for Niagara Falls Expos : RHP Bruno Zoido
Batting: RHB Dean Shamakani 0-0: Called Strike
0-1: Ball
1-1: Foul Ball, location: 2F
1-2: Foul Ball, location: 2F
1-2: Ball
2-2: Foul Ball, location: 2F
2-2: Ball
3-2: Strikes out swinging
Batting: RHB Elias den Blick 0-0: DOUBLE (Line Drive, 9LM, EV 95.0 MPH)
Batting: RHB Miguel Contreras 0-0: Called Strike
0-1: Called Strike
0-2: Ball
1-2: Reached on error, E4 (Groundball, 4, EV 97.5 MPH)
Elias den Blick to third
Batting: RHB Sayed Walid 0-0: Ball
1-0: Called Strike
1-1: Called Strike
1-2: Fly out, F7 (Flyball, 78S, EV 83.1 MPH)
Batting: SHB Shing Li 0-0: Swinging Strike
0-1: Ball
1-1: Fly out, F7 (Flyball, 7, EV 81.2 MPH)
Bottom of the 2nd over - 0 runs, 1 hit, 1 error, 2 left on base; Niagara Falls 0 - Caldwell 0
TOP OF THE 3RD
Niagara Falls Expos batting - Pitching for Caldwell Chiefs : RHP Lloyd Stinson
Batting: RHB Pablo Saavedra 0-0: Ball
1-0: Ball
2-0: Called Strike
2-1: Ball
3-1: Ground out U3 (Groundball, 3, EV 90.6 MPH)
Batting: RHB Pablo Wolz 0-0: Ball
1-0: Ball
2-0: Ball
3-0: Called Strike
3-1: Foul Ball, location: 2F
3-2: Hit by Pitch
Batting: SHB Buretaua Taati 0-0: Called Strike
0-1: Swinging Strike
0-2: Ground out U3 (Groundball, 3, EV 80.6 MPH)
Pablo Wolz to second
Batting: RHB Ambrose Watkins 0-0: Called Strike
0-1: Ball
1-1: Ball
2-1: Foul Ball, location: 2F
2-2: Strikes out swinging
Top of the 3rd over - 0 runs, 0 hits, 0 errors, 1 left on base; Niagara Falls 0 - Caldwell 0
BOTTOM OF THE 3RD
Caldwell Chiefs batting - Pitching for Niagara Falls Expos : RHP Bruno Zoido
Batting: SHB Rio Bater 0-0: Called Strike
0-1: Ball
1-1: Ball
2-1: Swinging Strike
2-2: Foul Ball, location: 2F
2-2: Ball
3-2: Base on Balls
Batting: RHB Junji Ito 0-0: Called Strike
0-1: Ball
1-1: Foul Ball, location: 2F
1-2: Strikes out swinging
Batting: RHB Ricardo Urby 0-0: Grounds into double play, 5-4-3 (Groundball, 56S, EV 85.6 MPH)
Bottom of the 3rd over - 0 runs, 0 hits, 0 errors, 0 left on base; Niagara Falls 0 - Caldwell 0
TOP OF THE 4TH
Niagara Falls Expos batting - Pitching for Caldwell Chiefs : RHP Lloyd Stinson
Batting: RHB Bernard Langeman 0-0: Called Strike
0-1: Ball
1-1: Hit by Pitch
Batting: SHB Takeshi Kovacs 0-0: Fly out, F6 (Popup, 56, EV 66.2 MPH)
Batting: RHB Sincere Wushon David 0-0: Called Strike
0-1: SINGLE (Groundball, 56D, EV 98.8 MPH)
Bernard Langeman to second
Batting: RHB Juan Mireles 0-0: Ball
1-0: Ball
2-0: Foul Ball, location: 2F
2-1: Swinging Strike
2-2: Ball
3-2: Fly out, F3 (Line Drive, 3, EV 66.9 MPH)
Batting: RHB Frank Tatum 0-0: Ball
1-0: Foul Ball, location: 2F
1-1: Called Strike
1-2: Strikes out swinging
Top of the 4th over - 0 runs, 1 hit, 0 errors, 2 left on base; Niagara Falls 0 - Caldwell 0
BOTTOM OF THE 4TH
Caldwell Chiefs batting - Pitching for Niagara Falls Expos : RHP Bruno Zoido
Batting: LHB Rafael Urrutiz 0-0: Ball
1-0: Ground out U3 (Groundball, 3, EV 96.9 MPH)
Batting: RHB Dean Shamakani 0-0: Foul Ball, location: 2F
0-1: SINGLE (Line Drive, 78M, EV 102.5 MPH)
Batting: RHB Elias den Blick 0-0: Fly out, F8 (Line Drive, 8LD, EV 99.4 MPH)
Batting: RHB Miguel Contreras 0-0: Ball
1-0: SINGLE (Groundball, 56S, EV 86.9 MPH) (infield hit)
Dean Shamakani to second
Batting: RHB Sayed Walid 0-0: DOUBLE (Flyball, 89XD, EV 86.2 MPH)
Dean Shamakani scores
Miguel Contreras to third
Runner from 3rd tries for Home, SAFE, throw by RF to trailing runner, SAFE at third!
Batting: SHB Shing Li 0-0: Called Strike
0-1: Foul Ball, location: 2F
0-2: Ball
1-2: Ball
2-2: Ball
3-2: Foul Ball, location: 2F
3-2: Fly out, F9 (Flyball, 89S, EV 93.1 MPH)
Bottom of the 4th over - 2 runs, 3 hits, 0 errors, 1 left on base; Niagara Falls 0 - Caldwell 2
TOP OF THE 5TH
Niagara Falls Expos batting - Pitching for Caldwell Chiefs : RHP Lloyd Stinson
Batting: RHB Pablo Saavedra 0-0: Foul Ball, location: 2F
0-1: Fly out, F8 (Flyball, 8LM, EV 92.5 MPH)
Batting: RHB Pablo Wolz 0-0: Foul Ball, location: 2F
0-1: Swinging Strike
0-2: Ball
1-2: Ball
2-2: Foul Ball, location: 2F
2-2: Ball
3-2: Strikes out swinging
Batting: SHB Buretaua Taati 0-0: Ball
1-0: Foul Ball, location: 2F
1-1: Called Strike
1-2: Strikes out swinging
Top of the 5th over - 0 runs, 0 hits, 0 errors, 0 left on base; Niagara Falls 0 - Caldwell 2
BOTTOM OF THE 5TH
Caldwell Chiefs batting - Pitching for Niagara Falls Expos : RHP Bruno Zoido
Batting: SHB Rio Bater 0-0: Ball
1-0: Ground out 6-3 (Groundball, 6M, EV 109.4 MPH)
Batting: RHB Junji Ito 0-0: SINGLE (Groundball, 6MD, EV 98.1 MPH)
Pitching: RHP Enrique Durán
Batting: RHB Ricardo Urby 0-0: Ball
1-0: Called Strike
1-1: Ball
2-1: Swinging Strike
2-2: Ball
3-2: Strikes out swinging
Batting: LHB Rafael Urrutiz 0-0: Ball
1-0: Foul Ball, location: 2F
1-1: TRIPLE (Flyball, 9LD, EV 108.8 MPH)
Junji Ito scores
Batting: RHB Dean Shamakani 0-0: Ball
1-0: Foul Ball, location: 2F
1-1: Called Strike
1-2: Ball
2-2: Ball
3-2: Ground out 6-3 (Groundball, 6, EV 86.9 MPH)
Bottom of the 5th over - 1 run, 2 hits, 0 errors, 1 left on base; Niagara Falls 0 - Caldwell 3
TOP OF THE 6TH
Niagara Falls Expos batting - Pitching for Caldwell Chiefs : RHP Lloyd Stinson
Batting: RHB Ambrose Watkins 0-0: Foul Ball, location: 2F
0-1: Ball
1-1: Ground out 6-3 (Groundball, 6, EV 85.0 MPH)
Batting: RHB Bernard Langeman 0-0: Called Strike
0-1: Fly out, F8 (Line Drive, 8RM, EV 94.4 MPH)
Batting: SHB Takeshi Kovacs 0-0: Called Strike
0-1: Swinging Strike
0-2: Ball
1-2: Ball
2-2: Ball
3-2: Strikes out swinging
Top of the 6th over - 0 runs, 0 hits, 0 errors, 0 left on base; Niagara Falls 0 - Caldwell 3
BOTTOM OF THE 6TH
Caldwell Chiefs batting - Pitching for Niagara Falls Expos : RHP Enrique Durán
Batting: RHB Elias den Blick 0-0: Swinging Strike
0-1: Ball
1-1: Ball
2-1: Swinging Strike
2-2: Ball
3-2: DOUBLE (Line Drive, 9LM, EV 109.4 MPH)
Batting: RHB Miguel Contreras 0-0: Called Strike
0-1: Called Strike
0-2: Ball
1-2: Foul Ball, location: 2F
1-2: Strikes out swinging
Batting: RHB Sayed Walid 0-0: Ball
1-0: SINGLE (Groundball, 25, EV 76.9 MPH) (infield hit)
Elias den Blick to third
Batting: SHB Shing Li 0-0: Foul Ball, location: 2F
0-1: Ball
1-1: Foul Ball, location: 2F
1-2: Ball
2-2: Ball
3-2: Foul Ball, location: 2F
3-2: Base on Balls
Sayed Walid to second
Batting: SHB Rio Bater 0-0: Called Strike
0-1: Ball
1-1: Foul Ball, location: 2F
1-2: Fly out, F7 (Flyball, 7D, EV 105.6 MPH)
Runner from 3rd tags up, SCORES, no throw by LF
Sayed Walid to third
Batting: RHB Junji Ito 0-0: Swinging Strike
0-1: Called Strike
0-2: Strikes out looking
Bottom of the 6th over - 1 run, 2 hits, 0 errors, 2 left on base; Niagara Falls 0 - Caldwell 4
TOP OF THE 7TH
Niagara Falls Expos batting - Pitching for Caldwell Chiefs : RHP Lloyd Stinson
Batting: RHB Sincere Wushon David 0-0: Fly out, F5 (Line Drive, 5, EV 68.8 MPH)
Batting: RHB Juan Mireles 0-0: Swinging Strike
0-1: Ball
1-1: Foul Ball, location: 2F
1-2: Strikes out swinging
Batting: RHB Frank Tatum 0-0: Ground out 6-3 (Groundball, 6, EV 79.4 MPH)
Top of the 7th over - 0 runs, 0 hits, 0 errors, 0 left on base; Niagara Falls 0 - Caldwell 4
BOTTOM OF THE 7TH
Caldwell Chiefs batting - Pitching for Niagara Falls Expos : RHP Enrique Durán
Batting: RHB Ricardo Urby 0-0: Called Strike
0-1: Ball
1-1: Called Strike
1-2: Strikes out looking
Batting: LHB Rafael Urrutiz 0-0: Swinging Strike
0-1: Called Strike
0-2: Fly out, F7 (Line Drive, 7, EV 90.6 MPH)
Batting: RHB Dean Shamakani 0-0: Ball
1-0: Swinging Strike
1-1: Ball
2-1: Swinging Strike
2-2: Foul Ball, location: 2F
2-2: Strikes out looking
Bottom of the 7th over - 0 runs, 0 hits, 0 errors, 0 left on base; Niagara Falls 0 - Caldwell 4
TOP OF THE 8TH
Niagara Falls Expos batting - Pitching for Caldwell Chiefs : RHP Lloyd Stinson
Batting: RHB Pablo Saavedra 0-0: Called Strike
0-1: Swinging Strike
0-2: Ball
1-2: Ball
2-2: Ball
3-2: Foul Ball, location: 2F
3-2: Foul Ball, location: 2F
3-2: Reached on error, E4 (Groundball, 4D, EV 100.0 MPH)
Pitching: RHP Rubén Medina
Batting: RHB Pablo Wolz 0-0: Called Strike
0-1: Ball
1-1: Called Strike
1-2: Ball
2-2: Foul Ball, location: 2F
2-2: Ball
3-2: Fly out, F4 (Popup, 4, EV 59.4 MPH)
Batting: SHB Buretaua Taati 0-0: Fly out, F9 (Flyball, 9S, EV 91.9 MPH)
Batting: RHB Ambrose Watkins 0-0: Fly out, F8 (Flyball, 8RD, EV 106.2 MPH)
Top of the 8th over - 0 runs, 0 hits, 1 error, 1 left on base; Niagara Falls 0 - Caldwell 4
BOTTOM OF THE 8TH
Caldwell Chiefs batting - Pitching for Niagara Falls Expos : RHP Enrique Durán
Pitching: RHP Juan Santos
Batting: RHB Elias den Blick 0-0: Swinging Strike
0-1: Swinging Strike
0-2: Strikes out swinging
Batting: RHB Miguel Contreras 0-0: Ball
1-0: Called Strike
1-1: Fly out, F9 (Flyball, 9S, EV 88.8 MPH)
Batting: RHB Sayed Walid 0-0: Called Strike
0-1: Foul Ball, location: 2F
0-2: Ball
1-2: Strikes out swinging
Bottom of the 8th over - 0 runs, 0 hits, 0 errors, 0 left on base; Niagara Falls 0 - Caldwell 4
TOP OF THE 9TH
Niagara Falls Expos batting - Pitching for Caldwell Chiefs : RHP Rubén Medina
Batting: RHB Bernard Langeman 0-0: Ball
1-0: Called Strike
1-1: Ball
2-1: Swinging Strike
2-2: Foul Ball, location: 2F
2-2: Ball
3-2: Strikes out swinging
Batting: SHB Takeshi Kovacs 0-0: Called Strike
0-1: Swinging Strike
0-2: Ball
1-2: Ball
2-2: Ball
3-2: Base on Balls
Batting: RHB Sincere Wushon David 0-0: Ball
1-0: Foul Ball, location: 2F
1-1: Ball
2-1: SINGLE (Line Drive, 9S, EV 90.0 MPH)
Takeshi Kovacs to second
Batting: RHB Juan Mireles 0-0: Called Strike
0-1: Fly out, F8 (Flyball, 8LM, EV 73.1 MPH)
Batting: RHB Frank Tatum 0-0: Ball
1-0: Swinging Strike
1-1: Called Strike
1-2: Strikes out swinging
Top of the 9th over - 0 runs, 1 hit, 0 errors, 2 left on base; Niagara Falls 0 - Caldwell 4
Friday, April 17th, 2020 - OOTP Baseball 20.8 Build 74